 Dungeon Crawl Stone Soup version 0.30-a0-782-ge64f9170bb (webtiles) character file.

Game seed: 11154642337056244681

128 theswoord the Shooter (level 4, 0/24 HPs)
             Began as a Deep Elf Hexslinger on Mar 16, 2023.
             Slain by an ogre
             ... wielding a +0 giant spiked club
              (24 damage)
             ... on level 4 of the Dungeon.
             The game lasted 00:04:24 (2058 turns).

theswoord the Shooter (Deep Elf Hexslinger)         Turns: 2058, Time: 00:04:24

Health: 0/24       AC:  2    Str:  7    XL:     4   Next: 86%
Magic:  6/8        EV: 13    Int: 18    God:
Gold:   158        SH:  0    Dex: 17    Spells: 2/6 levels left

rFire   + . .      SeeInvis .    a - +1 sling
rCold   . . .      Faith    .    (no shield)
rNeg    . . .      Spirit   .    c - +0 robe
rPois   .          Reflect  .    (no helmet)
rElec   .          Harm     .    l - scarf {shadows}
rCorr   .          Rampage  .    (no gloves)
Will    .....                    (no boots)
Stlth   ++                       h - amulet of regeneration
HPRegen 1.04/turn                j - ring of protection from fire
MPRegen 0.11/turn                (no ring)

@: weak-willed
A: no striking features
a: no special abilities


You were on level 4 of the Dungeon.
You visited 1 branch of the dungeon, and saw 4 of its levels.

You collected 158 gold pieces.

Inventory:

Hand Weapons
 a - a +1 sling (weapon)
Armour
 c - a +0 robe (worn)
 l - a scarf of shadows (worn)
Jewellery
 h - an amulet of regeneration (around neck)
 j - a ring of protection from fire (left hand)
Scrolls
 b - 4 scrolls of poison
 f - 3 scrolls of teleportation
Potions
 d - 2 potions of heal wounds
 e - a potion of haste {unknown}
 g - 2 potions of lignification {unknown}
 i - a potion of resistance {unknown}
 k - a potion of curing {unknown}
 n - a potion of mutation {unknown}


   Skills:
 - Level 0.7 Fighting
 + Level 5.6 Ranged Weapons
 - Level 2.4 Dodging
 - Level 1.5 Spellcasting
 + Level 5.2 Hexes
 + Level 1.2 Translocations


You had 2 spell levels left.
You knew the following spells:

 Your Spells              Type           Power      Damage    Failure   Level
a - Slow                  Hex            80%        N/A       2%          1
b - Portal Projectile     Hex/Tloc       24%        N/A       16%         3

Your spell library contained the following spells:

 Spells                   Type           Power      Damage    Failure   Level
 Static Discharge         Conj/Air       2%         2-3/arc   28%         2
 Inner Flame              Hex/Fire       10%        N/A       21%         3
 Cause Fear               Hex            10%        N/A       22%         4
 Vhi's Electric Charge    Tloc/Air       6%         N/A       41%         3
 Call Canine Familiar     Summ           1%         N/A       50%         3
 Swiftness                Air            1%         N/A       50%         3
 Leda's Liquefaction      Hex/Erth       5%         N/A       54%         4
 Airstrike                Air            0%         2d(1-17)  88%         4
 Animate Dead             Necr           1%         N/A       88%         4
 Summon Lightning Spire   Summ/Air       1%         N/A       88%         4
 Borgnjor's Vile Clutch   Necr/Erth      0%         N/A       99%         5
 Maxwell's Capacitive Co  Air            0%         ∞         100%        8


Dungeon Overview and Level Annotations

Branches:
Dungeon (4/15)
 Temple: D:4-7

Altars:
Ashenzari
Fedhas
Makhleb
Okawaru
Ru
Uskayaw
Vehumet
Xom

Shops:
D:1 (   D:2 *


Message History

You see here a +0 sling.
Found a ring mail.
You see here a +0 ring mail.
Done exploring.
Done exploring.
Done exploring.
Done exploring.
No target in view!
(D) Dungeon
Where to? (Enter - D:3, ? - help)
You see here a +0 ring mail.
There is a stone staircase leading down here.
You climb downwards.
Found a scroll labelled UTAH FOUME.
There is a stone staircase leading up here.
o - a scroll labelled UTAH FOUME
As you read the scroll labelled VIAMOO VEMOAMI, it crumbles to dust.
It is a scroll of identify.
d - 2 potions of heal wounds
As you read the scroll labelled UTAH FOUME, it crumbles to dust.
Magic quickly surges around you.
It was a scroll of vulnerability.
There is a stone staircase leading up here.
A worm comes into view.
A worm is nearby!
A worm is nearby!
You shoot a sling bullet.
The sling bullet barely misses the worm.
You hear a shout! x2
You shoot a sling bullet.
The sling bullet barely misses the worm.
An ogre comes into view. It is wielding a +0 giant spiked club.
You shoot a sling bullet. The sling bullet hits the ogre.
The ogre misses you.
You shoot a sling bullet. The sling bullet hits the ogre.
The ogre misses you.
Aim: an ogre, wielding a +0 giant spiked club (moderately wounded, chance to affect: 52%)
The ogre resists with significant effort.
Aim: an ogre, wielding a +0 giant spiked club (moderately wounded, chance to affect: 52%)
The ogre seems to slow down.
The ogre hits you with a +0 giant spiked club!!
Ouch! That really hurt!
You die...

### ..# #.#
#.# #
######.###...
.............
#w# #O#
####@# #..<.#
######


You could see an ogre (slow) and a worm.

Vanquished Creatures
  Natasha (D:2)
  An iguana (D:3)
  2 adders
  A worm (D:3)
  An orc (D:3)
  6 endoplasms
  3 giant cockroaches
  4 goblins
  4 hobgoblins
  5 jackals
  5 kobolds
  3 quokkas
  4 ball pythons
  4 bats (D:1)
  3 frilled lizards
  7 rats
54 creatures vanquished.

Notes
Turn   | Place    | Note
-------+----------+-------------------------------------------
     0 | D:1      | theswoord the Deep Elf Hexslinger began the quest for the
                  | Orb.
     0 | D:1      | Reached XP level 1. HP: 11/11 MP: 5/5
   195 | D:1      | Reached XP level 2. HP: 16/16 MP: 6/6
   505 | D:1      | Found Ojuiwk's Weapon Boutique.
   515 | D:1      | Reached XP level 3. HP: 18/20 MP: 7/7
   820 | D:2      | Found a shimmering altar of Xom.
  1094 | D:2      | Reached skill level 5 in Ranged Weapons
  1141 | D:2      | Noticed Natasha
  1146 | D:2      | Killed Natasha
  1147 | D:2      | Reached XP level 4. HP: 24/24 MP: 8/8
  1151 | D:2      | Learned a level 3 spell: Portal Projectile
  1156 | D:2      | Found Bodeha's Assorted Antiques.
  1213 | D:2      | Identified a scroll of acquirement
  1213 | D:2      | Acquired Ikoorchu's Grimoire of the Bloody Squall
  1530 | D:3      | Found a hide-covered altar of Uskayaw.
  1530 | D:3      | Found a sacrificial altar of Ru.
  1539 | D:3      | Found a broken altar of Ashenzari.
  1541 | D:3      | Found a blossoming altar of Fedhas.
  1541 | D:3      | Found a burning altar of Makhleb.
  1541 | D:3      | Found a radiant altar of Vehumet.
  1549 | D:3      | Found an iron altar of Okawaru.
  1602 | D:3      | Reached skill level 5 in Hexes
  1602 | D:3      | Reached skill level 1 in Translocations
  2052 | D:4      | Noticed an ogre
  2058 | D:4      | Slain by an ogre

Skill      XL: |  1  2  3  4 |
---------------+-------------+-----
Ranged Weapons | 3 4 5 |  5.6
Hexes          | 5 |  5.2
Translocations | 1 |  1.2
Fighting       | |  0.7
Dodging        | |  2.4
Spellcasting   | |  1.5

Action                     |  1- 3 |  4- 6 || total
---------------------------+-------+-------++-------
   Fire: Sling             |   125 |    41 ||   166
   Cast: Slow              |       |     3 ||     3
    Use: Scroll            |     4 |     4 ||     8
 Armour: Robe              |    16 |       ||    16
  Dodge: Dodged            |    40 |     7 ||    47

Levels and vault maps discovered:
D:1:      pf_arrival_petrified_forest, layout_basic, serial_shops, shop
D:2:      layout_loops_cross, basic_altar, serial_shops, nicolae_square_shop,
          uniq_natasha
D:3:      layout_loops_ring, grunt_temple_overflow_open
D:4:      layout_loops_corners, minmay_temple_entry_proselytizer,
          grunt_ministairs_10
